 Dungeon Crawl Stone Soup version 0.31-a0-986-g5e6e4ef867 (webtiles) character file.

Game seed: 5935024560058536019

2734 LeprechaunX the Mimic (level 9, -4/62 HPs)
             Began as an Octopode Shapeshifter on Nov 7, 2023.
             Was an Initiate of Hepliaklqana.
             Splashed by a jelly's acid (5 damage)
             ... on level 7 of the Dungeon.
             The game lasted 00:10:12 (8013 turns).

LeprechaunX the Mimic (Octopode Shapeshifter)       Turns: 8013, Time: 00:10:12

Health: -4/62      AC: -11   Str: 15    XL:     9   Next: 67%
Magic:  9/9        EV: 18    Int: 12    God:    Hepliaklqana [......]
Gold:   328        SH:  4    Dex: 14    Spells: 8/8 levels left

rFire   . .          .
                       - Unarmed
rCold   . . .        i - +0 buckler
rNeg    . . .        (helmet currently unavailable)
rPois   +            (no amulet)
rElec   .            h - ring of poison resistance
rCorr   .            t - +5 ring of evasion
SInv    .            (no ring)
Will    .....        (no ring)
Stlth   ++           (no ring)
HPRegen 0.30/turn    (no ring)
MPRegen 0.11/turn    (no ring)
                     (no ring)

%: no passive effects
@: beast-form, corroded
A: beast (slay +4), almost no armour, amphibious, 8 rings, camouflage 1,
gelatinous body 1, (nimble swimmer 1), tentacles
a: Begin Untransformation, Renounce Religion


You were on level 7 of the Dungeon.
You worshipped Hepliaklqana.
Hepliaklqana was noncommittal.
You were a hulking beast.
You visited 2 branches of the dungeon, and saw 8 of its levels.

You collected 328 gold pieces.

Inventory:

Hand Weapons
 l - a +0 sling
 x - a +0 arbalest
Missiles
 n - 2 boomerangs (quivered)
 p - 2 throwing nets
Armour
 i - a +0 buckler (worn)
Jewellery
 h - a ring of poison resistance (left tentacle)
 t - a +5 ring of evasion (right tentacle)
 u - a ring of fire
Talismans
 b - a beast talisman
 c - a flux talisman
Wands
 w - a wand of flame (13)
Scrolls
 d - a scroll of enchant weapon {unknown}
 e - a scroll of noise {unknown}
 r - a scroll of silence {unknown}
 s - 4 scrolls of identify {unknown}
 v - a scroll of teleportation {unknown}
 y - a scroll of fear {unknown}
 z - a scroll of revelation {unknown}
Potions
 a - a potion of lignification
 f - 3 potions of mutation {unknown}
 g - a potion of heal wounds {unknown}
 j - 4 potions of might {unknown}
 k - a potion of magic {unknown}
 m - 2 potions of invisibility {unknown}
 o - 2 potions of curing {unknown}
 q - 2 potions of haste {unknown}


   Skills:
 + Level 6.1 Fighting
 + Level 5.4 Throwing
 - Level 2.0 Dodging
 - Level 6.0 Unarmed Combat
 * Level 8.4 Shapeshifting


You had 8 spell levels left.
You didn't know any spells.
Your spell library contained the following spells:

 Spells                   Type           Power      Damage    Failure   Level
 Apportation              Tloc           0%         N/A       41%         1
 Necrotise                Necr           0%         1d4       41%         1
 Summon Small Mammal      Summ           0%         N/A       41%         1
 Blink                    Tloc           0%         N/A       56%         2
 Jinxbite                 Hex            0%         N/A       56%         2
 Gell's Gravitas          Tloc           0%         N/A       80%         3
 Stone Arrow              Conj/Erth      0%         3d7       80%         3
 Teleport Other           Tloc           0%         N/A       80%         3
 Manifold Assault         Tloc           0%         N/A       99%         4
 Alistair's Intoxication  Tmut/Pois      0%         N/A       100%        5
 Dispersal                Tloc           0%         N/A       100%        6
 Lehudib's Crystal Spear  Conj/Erth      0%         10d2      100%        8
 Animate Armour           Summ/Erth      Unusable   N/A       N/A         4

Dungeon Overview and Level Annotations

Branches:
Dungeon (7/15)             Temple (1/1) D:6

Altars:
Ashenzari
Cheibriados
Dithmenos
Elyvilon
Fedhas
Gozag
Hepliaklqana
Kikubaaqudgha
Makhleb
Nemelex Xobeh
Okawaru
Qazlal
Uskayaw
Vehumet
Wu Jian
Xom
Yredelemnul
Zin
The Shining One

Shops:
D:4 =

Annotations:
D:5 1 runed translucent door, Crazy Yiuf
Temple 4 transporters


Innate Abilities, Weirdness & Mutations

You are a hulking beast.
Your limbs bulge with bestial killing power. (Slay +4)
You cannot wear most types of armour.
You are amphibious.
You can wear up to eight rings at the same time.
Your skin changes colour to match your surroundings (Stealth+).
Your rubbery body absorbs attacks. (AC +1, EV +1)
((You are camouflaged when in or above water. (Stealth+)))
You have tentacles for arms and can constrict up to eight enemies at once.


Message History

You are no longer poisoned.
There is a stone staircase leading up, spattered with blood here.
There are monsters nearby!
Okay, then.
Unknown command.
Throw: 2 boomerangs
Press: ? - help, Q - select action, (/) - cycle Shift-Dir - straight line, f - shadow imp
Aim: a shadow imp (63% to hit)
You throw a boomerang. The boomerang hits the shadow imp.
The shadow imp is moderately wounded.
Throw: 2 boomerangs
Press: ? - help, Q - select action, (/) - cycle Shift-Dir - straight line, f/p - shadow imp
Aim: a shadow imp (moderately wounded, 63% to hit)
You throw a boomerang. The boomerang hits the shadow imp.
The shadow imp is severely wounded.
Throw: 2 boomerangs
Press: ? - help, Q - select action, (/) - cycle Shift-Dir - straight line, f/p - shadow imp
Aim: a shadow imp (severely wounded, 63% to hit)
You throw a boomerang.
The boomerang closely misses the shadow imp.
Throw: 2 boomerangs
Press: ? - help, Q - select action, (/) - cycle Shift-Dir - straight line, f/p - shadow imp
Aim: a shadow imp (severely wounded, 63% to hit)
You throw a boomerang. The boomerang hits the shadow imp!
You kill the shadow imp!
The jelly hits you. The acid corrodes you!
You are splashed with acid!
You tentacle-slap the jelly.
Your tentacles burn!
* * * LOW HITPOINT WARNING * * *
The jelly is moderately wounded.
The jelly hits you.
* * * LOW HITPOINT WARNING * * *
The acid corrodes you!
You are splashed with acid!
* * * LOW HITPOINT WARNING * * *
You tentacle-slap the jelly.
Your tentacles burn!
* * * LOW HITPOINT WARNING * * *
The jelly is moderately wounded.
The jelly hits you.
* * * LOW HITPOINT WARNING * * *
The acid corrodes you!
You are splashed with acid.
You die...

#.J...5'.###.......#....._#.....#
##..#..###...#.....###..###.....#
# ..J. #....#.....##.....#.....#
###...###........#####..###......
#.#o###..........'.#....._#......
#.###...(........#.###..###......
'....#...........#.##....⌠#......
#....P...........#####..###......
#..#♣~~.........hJ.##....##.#'###
#♣~~♣~~♣#.#######<.##8).8##.#..^.
♣~~~P~~~.# #...........#....
♣~≈~~P~P.# #.).).......#....
♣♣≈≈~~~~P.# #...).......#...#
P~≈~~~~~♣.# #...........#+###
~≈≈~~≈~P~.# #######+###...
~~~~~~P~..# #.... ..........#
#.....


You could see a jelly.

Vanquished Creatures
  Pikel (D:4)
  A wyvern (D:7)
  Menkaure (D:6)
  2 black bears (D:5)
  3 ogres
  2 bullfrogs (D:7)
  A scorpion (D:5)
  A gnoll sergeant (D:5)
  3 wights (D:6)
  A killer bee (D:7)
  6 electric eels (D:7)
  3 jellies (D:4)
  2 hounds
  2 orc priests
  A gnoll bouda (D:7)
  5 iguanas
  6 orc wizards
  Robin (D:2)
  6 adders
  17 gnolls
  3 shadow imps
  2 white imps (D:6)
  3 ufetubi (D:6)
  3 dart slugs
  23 orcs
  8 ball pythons
  3 endoplasms
  4 giant cockroaches
  15 hobgoblins
  7 jackals
  10 kobolds
  2 quokkas
  5 bats
  6 frilled lizards
  11 goblins
  7 rats
177 creatures vanquished.

Notes
Turn   | Place    | Note
-------+----------+-------------------------------------------
     0 | D:1      | LeprechaunX the Octopode Shapeshifter began the quest for
                  | the Orb.
     0 | D:1      | Reached XP level 1. HP: 13/13 MP: 1/1
   135 | D:1      | Reached XP level 2. HP: 18/18 MP: 2/2
   627 | D:1      | Reached XP level 3. HP: 23/23 MP: 3/3
  1037 | D:2      | Noticed Robin
  1052 | D:2      | Killed Robin
  1053 | D:2      | Reached XP level 4. HP: 15/29 MP: 4/4
  1375 | D:2      | Reached skill level 4 in Shapeshifting
  1967 | D:3      | Found an ornate altar of the Wu Jian Council.
  1993 | D:3      | Found a shadowy altar of Dithmenos.
  2143 | D:3      | Found an ancient bone altar of Kikubaaqudgha.
  2505 | D:4      | Reached XP level 5. HP: 25/35 MP: 5/5
  2782 | D:2      | Reached skill level 1 in Throwing
  2990 | D:3      | Reached XP level 6. HP: 41/41 MP: 6/6
  3552 | D:4      | Found Tefrye Bufe's Jewellery Emporium.
  4050 | D:5      | Entered Level 5 of the Dungeon
  4066 | D:5      | Noticed a black bear
  4073 | D:5      | Reached skill level 5 in Shapeshifting
  4076 | D:5      | Killed a black bear
  4077 | D:5      | Reached XP level 7. HP: 10/46 MP: 7/7
  4297 | D:5      | Noticed Pikel
  4394 | D:4      | Killed Pikel
  4395 | D:4      | Reached skill level 5 in Unarmed Combat
  4395 | D:4      | Reached skill level 6 in Shapeshifting
  4395 | D:4      | Reached XP level 8. HP: 24/54 MP: 8/8
  4619 | D:5      | Found a runed translucent door.
  4620 | D:5      | Noticed Crazy Yiuf
  5007 | D:5      | Identified the +0 ring mail of the Desolation of Salt {rC+}
  5608 | D:6      | Found a staircase to the Ecumenical Temple.
  5629 | Temple   | Found a transporter.
  5629 | Temple   | Found a transporter.
  5629 | Temple   | Found a transporter.
  5629 | Temple   | Found a transporter.
  5629 | Temple   | Entered the Ecumenical Temple
  5855 | D:6      | Reached skill level 7 in Shapeshifting
  5863 | D:6      | Found a stormy altar of Qazlal.
  5996 | D:6      | Reached skill level 5 in Fighting
  6013 | D:6      | Reached XP level 9. HP: 47/61 MP: 9/9
  6530 | D:6      | Noticed Menkaure
  6537 | D:6      | Killed Menkaure
  7298 | D:7      | Reached skill level 5 in Throwing
  7298 | D:7      | Reached skill level 8 in Shapeshifting
  7447 | D:7      | Found a sparkling altar of Nemelex Xobeh.
  7447 | D:7      | Found a hazy altar of Hepliaklqana.
  7447 | D:7      | Found a basalt altar of Yredelemnul.
  7759 | D:7      | Found a snail-covered altar of Cheibriados.
  7763 | D:7      | Became a worshipper of Hepliaklqana the Forgotten
  8013 | D:7      | HP: 1/62 [acid (4)]
  8013 | D:7      | Splashed by a jelly's acid

Illustrated notes

Levels and vault maps discovered:
D:1:      dpeg_arrival_castle, layout_basic,
          wander_ebering_terrifying_dragon_lair
D:2:      layout_basic, uniq_robin
D:3:      layout_loops_ring, mainiacjoe_overflow_large_starburst,
          mainiacjoe_overflow_catwalk, minmay_surrounded
D:4:      layout_loops_cross, serial_shops, nicolae_take_the_stairs
D:5:      nicolae_cairo_tiling_large_dashed, layout_basic,
          kennysheep_generic_room_15, uniq_crazy_yiuf_cottage, uniq_pikel
D:6:      layout_basic, grunt_qazlal_clouds, minmay_temple_entry_proselytizer,
          serial_demonic, serial_demonic_e, serial_demonic_c, serial_demonic_b,
          serial_demonic_d, uniq_menkaure
D:7:      minmay_slanted_spiral_squares, layout_gridville, minitemple,
          serial_bayou_lagoon_b
Temple:   hellmonk_temple_divided_pantheon

Skill      XL: |  1  2  3  4  5  6  7  8  9 |
---------------+----------------------------+-----
Fighting       | 2 3 4 5 6 |  6.1
Shapeshifting  | 4 5 6 7 8 |  8.4
Throwing       | 1 2 3 4 5 |  5.4
Unarmed Combat | 4 5 6 |  6.0
Dodging        | |  2.0

Action                     |  1- 3 |  4- 6 |  7- 9 || total
---------------------------+-------+-------+-------++-------
  Melee: Unarmed           |    72 |   131 |   159 ||   362
         Constrict         |    18 |    31 |    47 ||    96
         Tentacles         |    10 |    22 |    42 ||    74
         Punch             |     1 |       |     7 ||     8
  Throw: Boomerang         |       |     9 |    50 ||    59
    Use: Potion            |       |       |     1 ||     1
   Stab: Sleeping          |     4 |    10 |     3 ||    17
 Armour: Skin              |    20 |    54 |    96 ||   170
  Dodge: Dodged            |    51 |    52 |   102 ||   205
  Block: Buckler           |     2 |    17 |    23 ||    42

Table legend: (Time is in decaauts)
 A = Elapsed time spent in this place.
 B = Non-inter-level travel time spent in this place.
 C = Inter-level travel time spent in this place.
 D = Time resting spent in this place.
 E = Time spent auto-exploring this place.
 F = Levels seen in this place.
 G = Mean time per level.
                   A        B        C        D        E       F      G
               +--------+--------+--------+--------+--------+-----+--------+
         Total |   8017 |   7617 |    400 |   1056 |   5355 |   8 | 1002.1 |
       Dungeon |   8007 |   7607 |    400 |   1056 |   5355 |   7 | 1143.9 |
        Temple |      9 |      9 |      0 |      0 |      0 |   1 |    9.0 |
               +--------+--------+--------+--------+--------+-----+--------+

Top non-repeatable levels by time:
     D:4: 1373 daAuts
     D:5: 1367 daAuts
     D:6: 1361 daAuts
     D:2: 1226 daAuts
     D:3: 943 daAuts
     D:7: 928 daAuts
     D:1: 805 daAuts
  Temple: 9 daAuts
